 Dungeon Crawl Stone Soup version 0.28.0-45-g0d030f2227 (webtiles) character file.

Game seed: 14414629807880324169

116 Ablot the Grasshopper (level 5, -2/43 HPs)
             Began as a Gnoll Warper on Apr 3, 2022.
             Slain by a gnoll sergeant
             ... wielding a +0 trident
              (15 damage)
             ... on level 3 of the Dungeon.
             The game lasted 00:04:41 (4264 turns).

Ablot the Grasshopper (Gnoll Warper)                Turns: 4264, Time: 00:04:42

Health: -2/43      AC:  3    Str: 13    XL:     5   Next: 0%
Magic:  12/12      EV: 12    Int: 12    God:
Gold:   26         SH:  0    Dex: 11    Spells: 12/14 levels left

rFire   . . .      SeeInvis +   a - +0 spear
rCold   . . .      Faith    .   (no shield)
rNeg    . . .      Spirit   .   b - +0 leather armour
rPois   .          Reflect  .   p - +0 hat {SInv}
rElec   .          Harm     .   (no cloak)
rCorr   .          Rampage  .   (no gloves)
Will    .....                   (no boots)
Stlth   +.........              (no amulet)
HPRegen 0.14/turn               (no ring)
MPRegen 0.13/turn               (no ring)

@: no status effects
A: fangs 1, strong nose, distributed training
a: no special abilities


You were on level 3 of the Dungeon.
You visited 1 branch of the dungeon, and saw 3 of its levels.

You collected 46 gold pieces.
You spent 20 gold pieces at shops.

Inventory:

Hand Weapons
 a - a +0 spear (weapon)
Missiles
 d - 5 boomerangs of dispersal (quivered)
 e - 77 sling bullets
 g - 136 stones
 n - 6 atropa-tipped darts
Armour
 b - a +0 leather armour (worn)
 p - a +0 hat of see invisible (worn)
Jewellery
 j - an amulet of faith
Wands
 r - a wand of flame (4)
Scrolls
 c - a scroll of blinking
 f - a scroll of torment {unknown}
 i - a scroll of fog {unknown}
 l - a scroll of vulnerability {unknown}
 q - 3 scrolls of identify
Potions
 h - 2 potions of haste
 k - 2 potions of curing
 o - a potion of cancellation {unknown}


   Skills:
 + Level 4.7 Fighting
 + Level 1.3 Short Blades
 + Level 1.3 Long Blades
 + Level 1.3 Axes
 + Level 1.3 Maces & Flails
 + Level 4.7 Polearms
 + Level 1.3 Staves
 + Level 1.3 Slings
 + Level 1.3 Bows
 + Level 1.3 Crossbows
 + Level 2.8 Throwing
 + Level 2.8 Armour
 + Level 4.7 Dodging
 + Level 1.3 Stealth
 + Level 1.3 Shields
 + Level 1.3 Unarmed Combat
 + Level 5.1 Spellcasting
 + Level 1.0 Conjurations
 + Level 1.0 Hexes
 + Level 1.0 Summonings
 + Level 1.0 Necromancy
 + Level 5.5 Translocations
 + Level 1.0 Transmutations
 + Level 1.0 Fire Magic
 + Level 1.0 Ice Magic
 + Level 1.0 Air Magic
 + Level 1.0 Earth Magic
 + Level 1.0 Poison Magic
 + Level 1.4 Invocations
 + Level 1.3 Evocations


You had 12 spell levels left.
You knew the following spells:

 Your Spells              Type           Power      Damage    Failure   Level
a - Blink                 Tloc           32%        N/A       4%          2

Your spell library contained the following spells:

 Spells                   Type           Power      Damage    Failure   Level
 Gell's Gravitas          Tloc           16%        N/A       8%          3
 Lesser Beckoning         Tloc           16%        N/A       8%          3
 Teleport Other           Tloc           16%        N/A       8%          3
 Manifold Assault         Tloc           16%        N/A       58%         5


Dungeon Overview and Level Annotations

Branches:
Dungeon (3/15)

Altars:
Vehumet

Shops:
D:1 ?   D:3 ?


Innate Abilities, Weirdness & Mutations

You have very sharp teeth.
Your uncanny sense of smell can sniff out nearby items.
Your experience applies equally to all skills.


Message History

Press: ? - help, Q - select action, (/) - cycle Shift-Dir - straight line, f/p - gnoll
Aim: a gnoll, wielding a +0 spear (63% to hit)
You throw a poisoned dart. The poisoned dart hits the gnoll.
The gnoll is poisoned.
Unknown command.
Throw: 2 darts (poison)
Press: ? - help, Q - select action, (/) - cycle Shift-Dir - straight line, f/p - gnoll
Aim: a gnoll, wielding a +0 spear (lightly wounded, poisoned, 63% to hit)
You throw a poisoned dart.
The poisoned dart closely misses the gnoll.
Unknown command.
Throw: dart (poison)
Press: ? - help, Q - select action, (/) - cycle Shift-Dir - straight line, f/p - gnoll
Aim: a gnoll, wielding a +0 spear (lightly wounded, poisoned, 63% to hit)
You throw a poisoned dart. The poisoned dart hits the gnoll.
The gnoll looks even sicker.
The gnoll is lightly wounded.
The gnoll hits you from afar with a +0 spear.
You reach to attack!
You closely miss the gnoll.
The gnoll is moderately wounded.
The gnoll hits you from afar with a +0 spear!
You reach to attack!
You hit the gnoll.
The gnoll is heavily wounded.
You reach to attack!
You closely miss the gnoll.
The gnoll is severely wounded.
The gnoll completely misses you.
Reach: a) +0 spear
Press: ? - help, Dir - move target, f/p - gnoll
Aim: a gnoll, wielding a +0 spear (severely wounded, very poisoned, about 34% to evade your +0 spear)
You reach to attack!
You hit the gnoll but do no damage.
The gnoll is severely wounded.
Unknown command.
You feel a bit more experienced.
You have reached level 5!
The gnoll sergeant hits you from afar with a +0 trident!
The gnoll closely misses you.
There is a stone staircase leading up, spattered with blood here.
The gnoll hits you with a +0 whip.
The gnoll sergeant hits you from afar with a +0 trident!
You die...

######### #.......#### ##
#.##........ .### #####
#.##.##(####
..)#########...###
#....)..(g(.
.................#
#..#.##.####
......###.......@#####..#.##.#
#
##...............gg..........#
#
...)#.###.........###.....####
# ###.#.#
#..#......###.....#### # #<#.#
#..##..##.##.........# # #
#.#.#
#..##.....[.......##.####
###.#.#
#..##....................
......#
#..##...#.##########..###
###...# #..######.# #.)###


You could see a gnoll sergeant and a gnoll.

Vanquished Creatures
  4 gnolls
  A shadow imp (D:3)
  A worm (D:3)
  2 dart slugs (D:1)
  5 orcs (D:3)
  7 endoplasms
  3 giant cockroaches
  4 goblins
  7 hobgoblins
  3 jackals (D:1)
  3 kobolds
  A quokka (D:2)
  7 ball pythons
  2 bats (D:1)
  2 frilled lizards
  4 rats
56 creatures vanquished.

Notes
Turn   | Place    | Note
-------+----------+-------------------------------------------
     0 | D:1      | Ablot the Gnoll Warper began the quest for the Orb.
     0 | D:1      | Reached XP level 1. HP: 20/20 MP: 6/6
   189 | D:1      | Reached XP level 2. HP: 26/26 MP: 7/7
   346 | D:1      | Learned a level 2 spell: Blink
   441 | D:1      | Found Ijoath's Magic Scroll Emporium.
   768 | D:1      | Reached XP level 3. HP: 27/31 MP: 9/9
   838 | D:1      | Reached skill level 5 in Spellcasting
  1019 | D:1      | Found a faded altar of an unknown god.
  1610 | D:2      | Reached skill level 1 in Invocations
  1853 | D:2      | You fall into a shaft and drop 1 floor!
  1860 | D:3      | Reached skill level 1 in Short Blades
  1860 | D:3      | Reached skill level 1 in Long Blades
  1860 | D:3      | Reached skill level 1 in Axes
  1860 | D:3      | Reached skill level 1 in Maces & Flails
  1860 | D:3      | Reached skill level 1 in Staves
  1860 | D:3      | Reached skill level 1 in Slings
  1860 | D:3      | Reached skill level 1 in Bows
  1860 | D:3      | Reached skill level 1 in Crossbows
  1860 | D:3      | Reached skill level 1 in Stealth
  1860 | D:3      | Reached skill level 1 in Shields
  1860 | D:3      | Reached skill level 1 in Unarmed Combat
  1860 | D:3      | Reached skill level 1 in Evocations
  2226 | D:3      | Reached XP level 4. HP: 9/38 MP: 11/11
  2478 | D:3      | Found Leyskimn's Magic Scroll Emporium.
  2486 | D:3      | Bought a scroll of identify for 20 gold pieces
  2914 | D:3      | Noticed a gnoll sergeant
  3777 | D:3      | Reached skill level 1 in Conjurations
  3777 | D:3      | Reached skill level 1 in Hexes
  3777 | D:3      | Reached skill level 1 in Summonings
  3777 | D:3      | Reached skill level 1 in Necromancy
  3777 | D:3      | Reached skill level 1 in Transmutations
  3777 | D:3      | Reached skill level 1 in Fire Magic
  3777 | D:3      | Reached skill level 1 in Ice Magic
  3777 | D:3      | Reached skill level 1 in Air Magic
  3777 | D:3      | Reached skill level 1 in Earth Magic
  3777 | D:3      | Reached skill level 1 in Poison Magic
  3808 | D:3      | Found a radiant altar of Vehumet.
  4238 | D:3      | Reached XP level 5. HP: 27/43 MP: 12/12
  4264 | D:3      | Slain by a gnoll sergeant

Illustrated notes

Levels and vault maps discovered:
D:1:      enne_arrival_octagon_isle, layout_loops_ring, serial_shops, shop,
          basic_ecumenical_altar
D:2:      minmay_door_path, layout_basic, serial_curves, eino_curves_03,
          eino_curves_02, eino_curves_02, hangedman_decor_growths,
          roderic_serpentine_path
D:3:      layout_loops_ring, mainiacjoe_overflow_concentric_impassable,
          serial_shops, shop, corexii_leaking_fountain

Skill      XL: |  1  2  3  4 |
---------------+-------------+-----
Spellcasting   | 5 |  5.1
Invocations    | 1 |  1.4
Short Blades   | 1 |  1.3
Long Blades    | 1 |  1.3
Axes           | 1 |  1.3
Maces & Flails | 1 |  1.3
Staves         | 1 |  1.3
Slings         | 1 |  1.3
Bows           | 1 |  1.3
Crossbows      | 1 |  1.3
Stealth        | 1 |  1.3
Shields        | 1 |  1.3
Unarmed Combat | 1 |  1.3
Evocations     | 1 |  1.3
Conjurations   | 1 |  1.0
Hexes          | 1 |  1.0
Summonings     | 1 |  1.0
Necromancy     | 1 |  1.0
Transmutations | 1 |  1.0
Fire Magic     | 1 |  1.0
Ice Magic      | 1 |  1.0
Air Magic      | 1 |  1.0
Earth Magic    | 1 |  1.0
Poison Magic   | 1 |  1.0
Fighting       | |  4.7
Polearms       | |  4.7
Throwing       | |  2.8
Armour         | |  2.8
Dodging        | |  4.7
Translocations | |  5.5

Action                   |  1- 3 |  4- 6 || total
-------------------------+-------+-------++-------
Melee: Spear             |   202 |    95 ||   297
       Bite              |    20 |     6 ||    26
       Punch             |     4 |     1 ||     5
Throw: Dart              |     4 |     7 ||    11
 Cast: Blink             |     1 |     2 ||     3
  Use: Scroll            |       |     2 ||     2
 Stab: Sleeping          |     1 |     2 ||     3
Armor: Leather armour    |    34 |     5 ||    39
Dodge: Dodged            |    95 |    36 ||   131
